 Dungeon Crawl Stone Soup version 0.22-a0-422-g9628fc8 (webtiles) character file.

979 DrEnzyme the Slasher (level 7, -3/52 HPs)
             Began as a Demonspawn Gladiator on May 18, 2018.
             Succumbed to Duvessa's poison
             ... on level 5 of the Dungeon.
             The game lasted 00:23:38 (8196 turns).

DrEnzyme the Slasher (Demonspawn Gladiator)         Turns: 8196, Time: 00:23:38

Health: -3/52      AC: 11    Str: 15    XL:     7   Next: 96%
Magic:  7/7        EV: 15    Int: 10    God:
Gold:   241        SH:  0    Dex: 23    Spells: 6/6 levels left

rFire    . . .     SeeInvis .   a - +1 falchion (protect)
rCold    . . .     Gourm    .   (no shield)
rNeg     . . .     Faith    .   y - +0 leather armour of Youthful Indiscretion {Dex+4} (curse)
rPois    .         Spirit   .   c - +0 helmet
rElec    .         Reflect  .   u - +0 cloak
rCorr    .         Harm     .   (no gloves)
MR       .....                  (no boots)
Stlth    +++.......             (no amulet)
HPRegen  0.17/turn              p - +4 ring of dexterity
MPRegen  0.10/turn              (no ring)

@: lethally poisoned (-3 -> -53), sanguine armour
A: hooves 2, nightstalker 1, sanguine armour 1
a: no special abilities


You were on level 5 of the Dungeon.
You were very hungry.

You visited 1 branch of the dungeon, and saw 6 of its levels.

You collected 241 gold pieces.

Inventory:

Hand Weapons
 a - a +1 falchion of protection (weapon)
 b - a +0 dagger
 C - a +1 dagger of distortion
Missiles
 d - 3 throwing nets (quivered)
 o - 79 stones
Armour
 c - a +0 helmet (worn)
 l - a +0 hat
 u - a +0 cloak (worn)
 x - a +0 leather armour
 y - the cursed +0 leather armour of Youthful Indiscretion (worn) {Dex+4}
   (You found it on level 5 of the Dungeon)

   It affects your dexterity (+4).
   It has a curse placed upon it.
Jewellery
 p - a +4 ring of dexterity (left hand)
Wands
 e - a wand of polymorph (12)
 n - a wand of flame (18)
 t - a wand of iceblast (2)
 v - a wand of random effects (39)
Scrolls
 h - a scroll of remove curse
 i - a scroll of identify
 s - a scroll of teleportation
Potions
 g - 2 potions of curing
 j - a potion of haste
 k - 3 potions of agility
 m - a potion of lignification {unknown}
 q - a potion of resistance {unknown}
 r - a potion of degeneration {unknown}
 w - a potion of experience {unknown}
 z - a potion of cancellation {unknown}
Comestibles
 f - 6 rations


   Skills:
 + Level 3.6 Fighting
 + Level 0.1(3.4) Short Blades
 + Level 5.6 Long Blades
 + Level 1.8 Throwing
 + Level 2.7 Armour
 * Level 4.6 Dodging
 * Level 3.3 Stealth
 + Level 1.2 Evocations


You had 6 spell levels left.
You didn't know any spells.
Your spell library was empty.

Dungeon Overview and Level Annotations

Branches:
Dungeon (6/15)
 Temple: D:4-7

Altars:
Elyvilon
Makhleb
Okawaru

Annotations:
D:2 exclusion: adder
D:3 exclusion: 2 downstairs
D:4 Pikel
D:5 exclusion: ogre, Duvessa


Innate Abilities, Weirdness & Mutations

You have hoof-like feet.
You are slightly more attuned to the shadows.
When seriously injured, your bleeding wounds create armour. (AC +6)


Message History

Duvessa is heavily wounded.
You feel very sick. Duvessa hits you but does no damage.
You are more poisoned.
You feel very sick. Duvessa hits you but does no damage.
You are more poisoned.
* * * LOW HITPOINT WARNING * * *
You feel very sick.
There is a stone staircase leading up here.
* * * LOW HITPOINT WARNING * * *
You feel very sick.
Duvessa hits you with a short sword of venom.
* * * LOW HITPOINT WARNING * * *
You are more poisoned.
Duvessa hits you with a short sword of venom.
* * * LOW HITPOINT WARNING * * *
You climb upwards.
Level annotation: exclusion: ogre You die...

##.#..#..#....##♣...≈≈≈...♣##....
##.##...##....#....≈≈≈≈≈...###...
........##.#.#.....≈≈♣≈≈...###..#
....#...........#..≈≈≈≈≈..#.##.##
#........##.....#...≈≈≈...##..##
.........####............###..#
..#.......# #....##(....####..###
..##..#...###.#e.####.#.###..#..#
####.###.......#@# #..###..####.
##..#.....##..### ##.....## ##
##..#####..##...# ##..(..# ##
....#.##.......## #......## #.
###...>.........#####.......# ##.
# ##..................##....###..
####..##...########.#..###.......
..#.)).....#........#..###.......
#.......#..#.########...#........


You could see Duvessa (berserk).

Vanquished Creatures
  Eustachio (D:4)
  Menkaure (D:4)
  Edmund (D:4)
  2 slaves (D:5)
  A bullfrog (D:4)
  Blork the orc (D:5)
  Dowan (D:6)
  A bullfrog skeleton (D:5)
  An iguana (D:4)
  An orc wizard (D:4)
  Ijyb (D:5)
  5 worker ants
  A hound skeleton (D:5)
  6 adders
  2 shadow imps (D:5)
  2 oozes
  2 adder skeletons (D:4)
  2 worms
  4 dart slugs (D:2)
  6 leopard geckos
  6 orcs
  7 bats
  6 giant cockroaches
  5 goblins
  3 hobgoblins
  12 jackals
  5 kobolds
  3 quokkas
  A ball python (D:2)
  6 frilled lizards
  A jackal skeleton (D:5)
  A quokka skeleton (D:5)
  10 rats
108 creatures vanquished.

Vanquished Creatures (others)
  A rat (D:1)
1 creature vanquished.

Grand Total: 109 creatures vanquished

Notes
Turn   | Place    | Note
-------+----------+-------------------------------------------
     0 | D:1      | DrEnzyme the Demonspawn Gladiator began the quest for the Orb.
     0 | D:1      | Reached XP level 1. HP: 16/16 MP: 1/1
    65 | D:1      | Gained mutation: When seriously injured, your bleeding wounds create armour. (AC +6) [demonic ancestry]
    65 | D:1      | Reached XP level 2. HP: 13/22 MP: 2/2
   246 | D:1      | Reached skill level 3 in Long Blades
   675 | D:1      | Reached XP level 3. HP: 27/27 MP: 3/3
  1629 | D:2      | Found a faded altar of an unknown god.
  2176 | D:2      | Gained mutation: You have large cloven feet. [demonic ancestry]
  2176 | D:2      | Reached XP level 4. HP: 29/34 MP: 4/4
  2536 | D:3      | Reached skill level 1 in Stealth
  2900 | D:3      | Reached skill level 1 in Armour
  2978 | D:3      | Found an iron altar of Okawaru.
  3353 | D:4      | Noticed Eustachio
  3354 | D:4      | Noticed Menkaure
  3499 | D:4      | Gained mutation: You have hoof-like feet. [demonic ancestry]
  3499 | D:4      | Reached XP level 5. HP: 33/39 MP: 5/5
  3736 | D:4      | Reached skill level 4 in Long Blades
  4034 | D:4      | Killed Menkaure
  4034 | D:4      | Gained mutation: You are slightly more attuned to the shadows. [demonic ancestry]
  4034 | D:4      | Reached XP level 6. HP: 18/46 MP: 6/6
  4519 | D:4      | Noticed Edmund
  4535 | D:4      | Killed Eustachio
  4535 | D:4      | Reached XP level 7. HP: 52/52 MP: 7/7
  4556 | D:4      | Killed Edmund
  4556 | D:4      | Reached skill level 5 in Long Blades
  4929 | D:5      | Entered Level 5 of the Dungeon
  5290 | D:5      | Noticed Blork the orc
  5300 | D:5      | Killed Blork the orc
  5450 | D:5      | Noticed Ijyb
  5464 | D:5      | Killed Ijyb
  5498 | D:5      | Reached skill level 1 in Evocations
  5613 | D:5      | Found a burning altar of Makhleb.
  5644 | D:5      | Got a translucent leather armour
  5655 | D:5      | Identified the cursed +0 leather armour of Youthful Indiscretion {Dex+4} (You found it on level 5 of the Dungeon)
  5817 | D:5      | Noticed Pikel
  6149 | D:5      | Found a white marble altar of Elyvilon.
  7165 | D:5      | Found a white marble altar of Elyvilon.
  7402 | D:5      | Found a burning altar of Makhleb.
  8176 | D:6      | Noticed Dowan
  8178 | D:6      | Noticed Duvessa
  8181 | D:6      | Killed Dowan
  8195 | D:6      | HP: 2/52 [Duvessa/short sword of venom (2)]
  8196 | D:5      | Succumbed to Duvessa's poison

Vault maps used:
D:1:      roderic_chinese_lattice_arrival, lemuel_another_geyser
D:2:      chequers_ecumenical_altar_simple_redux
D:3:      okawaru_ov_weapons_minmay
D:4:      uniq_eustachio, uniq_menkaure, uniq_edmund
D:5:      first_ration, basic_altar, minivault_27, elyvilon_altar_3, uniq_pikel,
          uniq_ijyb, uniq_blork_the_orc
D:6:      uniq_duvessa

Skill      XL: |  1  2  3  4  5  6  7 |
---------------+----------------------+-----
Dodging        | 3 4 |  4.6
Long Blades    | 3 4 5 |  5.6
Stealth        | 1 2 3 |  3.3
Armour         | 1 2 |  2.7
Fighting       | 3 |  3.6
Evocations     | 1 |  1.2
Short Blades   | |  0.1
Throwing       | |  1.8

Action                   |  1- 3 |  4- 6 |  7- 9 || total
-------------------------+-------+-------+-------++-------
Melee: Long sword        |   125 |   106 |    89 ||   320
       Kick              |       |    29 |    49 ||    78
       Dagger            |       |       |     7 ||     7
       Falchion          |       |       |     5 ||     5
Evoke: Wand              |       |     1 |    10 ||    11
  Use: Scroll            |       |     5 |     6 ||    11
 Stab: Sleeping          |     3 |     2 |     5 ||    10
  Eat: Chunk             |     4 |     5 |     6 ||    15
       Ration            |       |     1 |     1 ||     2
Armor: Leather armour    |    43 |    21 |    23 ||    87
Dodge: Dodged            |   105 |    77 |    80 ||   262
       Rpst.: Long sword |    26 |    20 |    28 ||    74
       Falchion          |       |       |     3 ||     3

Table legend:
 A = Spawn XP
 B = Non-spawn XP
 C = Spawn XP percentage of total XP
 D = Spawn monster count
 E = Non-spawn monster count
 F = Spawn count percentage of total count
 G = Total turns spent on level
                    A         B        C        D         E        F      G
               +---------+---------+-------+---------+---------+-------+---------
         Total |       0 |    1399 |   0.0 |       0 |     106 |   0.0 |  8196
               +---------+---------+-------+---------+---------+-------+---------
           D:1 |       0 |      52 |   0.0 |       0 |      26 |   0.0 |  1374
           D:2 |       0 |      54 |   0.0 |       0 |      23 |   0.0 |  1089
           D:3 |       0 |      79 |   0.0 |       0 |      21 |   0.0 |  1718
           D:4 |       0 |     831 |   0.0 |       0 |      17 |   0.0 |  1084
           D:5 |       0 |     310 |   0.0 |       0 |      18 |   0.0 |  2911
           D:6 |       0 |      73 |   0.0 |       0 |       1 |   0.0 |    20
               +---------+---------+-------+---------+---------+-------+---------
